 Dungeon Crawl Stone Soup version 0.16-a0-3320-ga5ba31b (webtiles) character file.

1208 Minkie the Grappler (level 8, -3/74 HPs)
             Began as a Troll Monk on Dec 26, 2014.
             Slain by Pikel
             ... wielding a +2 whip of freezing
              (9 damage)
             ... on level 5 of the Dungeon.
             The game lasted 00:14:11 (3544 turns).

Minkie the Grappler (Troll Monk)                    Turns: 3544, Time: 00:14:11

Health: -3/74      AC:  6    Str: 20    XL:     8   Next: 21%
Magic:  3/3        EV: 14    Int:  6    God:
Gold:   207        SH:  0    Dex: 14    Spells: 0 memorised, 7 levels left

rFire  . . .     SeeInvis .       - Unarmed
rCold  . . .     Clarity  .     a - +0 robe
rNeg   . . .     SustAb   .     (shield restricted)
rPois  +         Gourm    +     (helmet restricted)
rElec  .         Spirit   .     e - +0 cloak
rCorr  .         Warding  .     (gloves unavailable)
rMut   .         Stasis   .     (boots unavailable)
MR     .....                    (no amulet)
Stlth  ++........               v - +3 ring of evasion
                                h - ring of poison resistance

@: not resistant to hostile enchantments, unstealthy
A: unfitting armour, claws 3, fast metabolism 3, gourmand, regeneration 2,
shaggy fur 1, tough skin 2
a: no special abilities


You were on level 5 of the Dungeon.
You were very full.

You visited 1 branch of the dungeon, and saw 5 of its levels.
You also visited: Sewer.

You collected 249 gold pieces.
You spent 42 gold pieces at shops.

Inventory:

Missiles
 d - 2 throwing nets (quivered)
Armour
 a - a +0 robe (worn)
 e - a +0 cloak (worn)
Jewellery
 h - a ring of poison resistance (left claw)
 v - a +3 ring of evasion (right claw)
Magical devices
 y - a wand of paralysis (16)
Scrolls
 c - 9 scrolls of identify {unknown}
 f - 4 scrolls of amnesia {unknown}
 j - a scroll of random uselessness {unknown}
 k - 2 scrolls of immolation {unknown}
 l - 3 scrolls of teleportation {unknown}
 m - a scroll of magic mapping {unknown}
 q - a scroll of blinking {unknown}
 s - 3 scrolls of remove curse {unknown}
Potions
 g - 2 potions of degeneration {unknown}
 i - 3 potions of curing {unknown}
 o - 2 potions of poison {unknown}
 r - 3 potions of mutation {unknown}
 t - a potion of brilliance {unknown}
 w - a potion of flight {unknown}
 A - a potion of agility {unknown}
Comestibles
 b - 4 meat rations
 n - a slice of pizza
 p - a beef jerky
 u - a royal jelly
 x - a bread ration
 z - 5 chunks of flesh


   Skills:
 + Level 2.8 Fighting
 + Level 1.1 Throwing
 + Level 2.8 Dodging
 - Level 1.1 Stealth
 + Level 10.2 Unarmed Combat


You had 7 spell levels left.
You didn't know any spells.

Dungeon Overview and Level Annotations

Branches:
Dungeon (5/15)             Temple (0/1) D:5

Altars:
Xom
Jiyva

Shops:
D:4 *

Annotations:
D:5 Pikel


Innate Abilities, Weirdness & Mutations

You are too large for most types of armour.
You have claws for hands.
Your metabolism is lightning-fast.
You like to eat raw meat.
You heal very quickly.
You are covered in fur (AC +1).
You have very tough skin (AC +2).


Message History

Pikel the Slaver comes into view.
He is wielding a whip of freezing.
Pikel shouts!
Pikel says, "You'll feel the lick of my whip!"
Things that are here:
a spear; a gnoll corpse You mangle Pikel!!
Pikel begins to bleed from his wounds!
Pikel is heavily wounded.
Pikel closely misses you.
You scratch Pikel but do no damage.
Pikel is heavily wounded.
You claw Pikel!
Pikel is almost dead.
The phantom hits you!
* * * LOW HITPOINT WARNING * * *
Pikel barely misses you.
A slave comes into view.
You closely miss Pikel.
Pikel is almost dead.
The phantom barely misses you. Pikel hits you with a whip of freezing!
You die...

### #.#
......########.#
#...<[...#.# #
########.#.###.#
#.#.....#.#
#.........#
###p#######
###### #K#
#.....######@#
♣..[.[oW)#
#...>...#####.#
...♣.♣.## #.# #
..... #.# ##.#o#
#.# # .. >.# #..
### ...


You could see Pikel (bleeding), a phantom, a slave and an orc priest.

Vanquished Creatures
  The ghost of monkeypoo the Skirmisher, an average DrBe of Trog (D:4)
  2 slaves (D:5)
  A phantom (D:4)
  A big kobold (D:4)
  A giant frog (Sewer)
  A gnoll sergeant (D:5)
  3 scorpions (D:4)
  2 jellies (D:4)
  A hound (D:4)
  3 worker ants (D:4)
  2 orc wizards (D:4)
  A hound skeleton (D:4)
  6 gnolls (D:5)
  12 adders
  9 giant mites (Sewer)
  A worm (D:2)
  13 giant geckos
  11 oozes
  14 orcs
  9 bats
  20 giant cockroaches
  5 goblins
  13 hobgoblins
  10 jackals
  8 kobolds
  A quokka (D:2)
  6 ball pythons (Sewer)
  8 giant newts
  5 rats
170 creatures vanquished.

Vanquished Creatures (others)
  A toadstool (D:4)
1 creature vanquished.

Grand Total: 171 creatures vanquished

Notes
Turn   | Place    | Note
--------------------------------------------------------------
     0 | D:1      | Minkie, the Troll Monk, began the quest for the Orb.
     0 | D:1      | Reached XP level 1. HP: 22/22 MP: 1/1
   162 | D:1      | Reached XP level 2. HP: 17/29 MP: 1/1
   532 | D:1      | Reached skill level 5 in Unarmed Combat
   533 | D:1      | Reached XP level 3. HP: 36/36 MP: 2/2
   781 | D:2      | Reached XP level 4. HP: 44/44 MP: 2/2
  1158 | D:2      | Reached skill level 6 in Unarmed Combat
  1445 | D:3      | Found a shimmering altar of Xom.
  1498 | D:3      | Reached XP level 5. HP: 48/50 MP: 2/2
  1564 | D:3      | Found a glowing drain.
  1603 | Sewer    | Entered a sewer
  1781 | Sewer    | Reached skill level 7 in Unarmed Combat
  1874 | Sewer    | Reached XP level 6. HP: 59/59 MP: 3/3
  2564 | D:4      | Reached skill level 8 in Unarmed Combat
  2639 | D:4      | Reached XP level 7. HP: 66/66 MP: 3/3
  2652 | D:4      | Found Muinudooru's Assorted Antiques.
  2659 | D:4      | Bought a scroll labeled LUKOSK EREAPTI for 21 gold pieces
  2659 | D:4      | Bought a scroll labeled MIAQUS FACKUJY for 21 gold pieces
  2795 | D:4      | Reached skill level 9 in Unarmed Combat
  2812 | D:4      | Found a viscous altar of Jiyva.
  2968 | D:4      | Noticed monkeypoo's ghost (average DrBe)
  2984 | D:4      | Killed monkeypoo's ghost
  3007 | D:4      | Reached skill level 10 in Unarmed Combat
  3023 | D:4      | Reached XP level 8. HP: 52/74 MP: 3/3
  3481 | D:5      | Entered Level 5 of the Dungeon
  3496 | D:5      | Found a staircase to the Ecumenical Temple.
  3503 | D:5      | Reached skill level 1 in Throwing
  3540 | D:5      | Noticed Pikel
  3544 | D:5      | Slain by Pikel

Action                   |  1- 3 |  4- 6 |  7- 9 || total
-------------------------+-------+-------+-------++-------
Melee: Unarmed           |    81 |   240 |   155 ||   476
 Stab: Sleeping          |     1 |     4 |       ||     5
  Eat: Chunk             |    13 |    16 |     8 ||    37
